AoeStats
← (Arm)_Alexios22

Glade

510365625Analyzed
1v1 RM · 17h ago on Sep 30, 2026· 41m 14s· 2 players
Game mode
Random Map
Map size
Tiny (2 player)
Population
200
Speed
Normal
Resources
Standard
Victory
Conquest
Starting age
Dark Age
Ending age
Imperial Age
RankedLock teamsTeams togetherTeam positionsShared explorationLock speedFull tech treeHidden civsTurbo modeCheats
Victory
Defeat
🇦🇹 Franks · Austria
1032
+16
🇺🇸 Saxons · United States
1037
-16
Chill It's A Game
5:58 Loom
12:52 Feudal Age
16:39 Castle Age
21:33 Fletching
22:20 Stone Mining
23:45 Gold Mining
26:51 Scale Mail Armor
28:39 Chain Mail Armor
30:18 Gold Shaft Mining
29:36 Double-Bit Axe
30:39 Wheelbarrow
31:37 Arson
31:54 Squires
36:26 Imperial Age
36:10 Forging
36:12 Bodkin Arrow
40:14 Elite Throwing Axeman
41:30 Hoardings
41:16 Conscription
41:49 Plate Mail Armor
41:55 Iron Casting
(Arm)_Alexios22
0:48 Loom
10:32 Feudal Age
11:02 Double-Bit Axe
10:49 Man-at-Arms
12:53 Horse Collar
14:05 Arson
15:01 Fletching
16:11 Forging
18:47 Scale Mail Armor
24:28 Castle Age
23:23 Stone Mining
24:07 Gold Mining
25:04 Pikeman
25:45 Squires
27:34 Wheelbarrow
28:43 Town Watch
30:39 Gold Shaft Mining
32:02 Bodkin Arrow
34:14 Gambesons
36:33 Chain Mail Armor
Connection lost

Rejoining the realm…

Still unreachable

The connection could not be restored.

Session expired

The server has moved on; the page needs a fresh start.